 Dungeon Crawl Stone Soup version 0.20.1-1-g8b1a95d (webtiles) character file.

95 Agrougrou the Skirmisher (level 4, -11/37 HPs)
             Began as a Barachi Fighter on Aug 24, 2017.
             Killed by divine providence
             ... invoked by an orc priest
              (13 damage)
             ... on level 3 of the Dungeon.
             The game lasted 00:04:32 (1946 turns).

Agrougrou the Skirmisher (Barachi Fighter)          Turns: 1946, Time: 00:04:33

Health: -11/37     AC: 15    Str: 18    XL:     4   Next: 66%
Magic:  4/4        EV:  3    Int:  9    God:
Gold:   144        SH:  8    Dex: 11    Spells: 3/3 levels left

rFire    x . .     SeeInvis .   a - +0 long sword
rCold    + . .     Gourm    +   c - +0 shield
rNeg     . . .     Faith    .   i - +4 plate armour
rPois    .         Spirit   .   (no helmet)
rElec    .         Reflect  .   (no cloak)
rCorr    .         Harm     .   (no gloves)
MR       .....                  (no boots)
Stlth    ..........             q - amulet of the gourmand
Regen    0.2/turn               v - ring of ice
MPRegen  0.1/turn               (no ring)

@: drained, slow
A: +LOS, swims, slowness 1, strong legs 1
a: Hop


You were on level 3 of the Dungeon.
You were completely stuffed.

You visited 1 branch of the dungeon, and saw 3 of its levels.

You collected 144 gold pieces.

Inventory:

Hand Weapons
 a - a +0 long sword (weapon)
Armour
 c - a +0 shield (worn)
 i - a +4 plate armour (worn)
Jewellery
 q - an amulet of the gourmand (around neck)
 v - a ring of ice (left hand)
Scrolls
 b - a scroll of recharging {unknown}
 h - a scroll of fog {unknown}
 j - a scroll of fear {unknown}
 l - a scroll of blinking {unknown}
 m - 3 scrolls of identify {unknown}
 n - a scroll of enchant weapon {unknown}
 p - a scroll of teleportation {unknown}
 s - 2 scrolls of remove curse {unknown}
Potions
 d - a potion of might
 e - a potion of cancellation {unknown}
 g - a potion of berserk rage {unknown}
 r - a potion of curing {unknown}
 u - a potion of magic {unknown}
Comestibles
 f - 4 bread rations
 k - a royal jelly
 o - a meat ration
 t - 3 fruits


   Skills:
 + Level 4.2(3.2) Fighting
 + Level 4.2(3.3) Long Blades
 + Level 4.1(3.2) Armour
 + Level 0.2(0.0) Dodging
 + Level 3.8(2.9) Shields


You had 3 spell levels left.
You didn't know any spells.

Dungeon Overview and Level Annotations

Branches:
Dungeon (3/15)

Altars:
Qazlal


Innate Abilities, Weirdness & Mutations

Shadows flee at your approach. (+LOS)
You can swim through water.
You cover ground slowly.
You can hop short distances.


Message History

You swing at nothing.
The orc hits you but does no damage.
You slash the orc priest!
The orc priest is severely wounded.
The orc hits you with a hand axe.
The orc priest invokes the aid of Beogh against you.
Beogh smites you! The orc barely misses you.
Your shield and plate armour prevent you from hitting the orc priest.
The orc priest is severely wounded.
The orc priest calls down the wrath of Beogh upon you.
Pain shoots through your body! You block the orc's attack.
The orc priest mumbles some strange prayers to Beogh against you.
Beogh smites you!
* * * LOW HITPOINT WARNING * * *
Okay, then.
You closely miss the orc priest.
The orc priest is severely wounded.
The orc hits you but does no damage.
The orc priest invokes the aid of Beogh against you.
Beogh smites you!
You die...

.....###...........
................#
................#
....#...........#
................#
.................#
#................#
#..............oo#
#...............@#
#.........########
#.........#
#.........###
#...........#
#...........####
#................
#.................
###...#...........


You could see an orc priest and an orc.

Vanquished Creatures
  2 adders (D:2)
  An ooze (D:1)
  A worm (D:2)
  3 dart slugs
  2 orcs (D:3)
  4 bats
  4 giant cockroaches
  5 goblins
  13 hobgoblins
  3 jackals (D:2)
  4 frilled lizards
  9 kobolds
  8 rats
59 creatures vanquished.

Notes
Turn   | Place    | Note
-------+----------+-------------------------------------------
     0 | D:1      | Agrougrou the Barachi Fighter began the quest for the Orb.
     0 | D:1      | Reached XP level 1. HP: 18/18 MP: 1/1
    81 | D:1      | Reached XP level 2. HP: 23/25 MP: 2/2
   351 | D:1      | Reached XP level 3. HP: 30/30 MP: 3/3
   714 | D:2      | Found a stormy altar of Qazlal.
  1098 | D:2      | Reached XP level 4. HP: 29/37 MP: 4/4
  1421 | D:2      | Found a faded altar of an unknown god.
  1946 | D:3      | Killed from afar by an orc priest

Skill      XL: |  1  2  3  4 |
---------------+-------------+-----
Fighting       | 4 |  4.2
Long Blades    | 3 4 |  4.2
Armour         | 4 |  4.1
Dodging        | |  0.2
Shields        | |  3.8

Action                   |  1- 3 |  4- 6 || total
-------------------------+-------+-------++-------
Melee: Long sword        |   182 |    61 ||   243
  Eat: Chunk             |    14 |     5 ||    19
Armor: Scale mail        |     3 |       ||     3
       Plate armour      |   153 |    63 ||   216
Dodge: Dodged            |    33 |     8 ||    41
Block: Shield            |   100 |    39 ||   139
       Rpst.: Long sword |     8 |     2 ||    10
